 Dungeon Crawl Stone Soup version 0.30-a0-737-gf23d94013f (webtiles) character file.

Game seed: 5909311019406232838

51 elagabalus the Cudgeller (level 3, 0/33 HPs)
             Began as an Armataur Monk on Feb 1, 2023.
             Slain by an iguana (11 damage)
             ... on level 3 of the Dungeon.
             The game lasted 00:12:27 (1462 turns).

elagabalus the Cudgeller (Armataur Monk)            Turns: 1462, Time: 00:12:27

Health: 0/33       AC:  4    Str: 18    XL:     3   Next: 58%
Magic:  3/3        EV:  9    Int: 10    God:
Gold:   137        SH:  0    Dex: 12    Spells: 2/2 levels left

rFire   . . .      SeeInvis .    a - +1 mace
rCold   + . .      Faith    .    (no shield)
rNeg    . . .      Spirit   .    l - +0 leather armour
rPois   .          Reflect  .    (no helmet)
rElec   .          Harm     .    (no cloak)
rCorr   .          Roll     +    (no gloves)
Will    .....                    (no barding)
Stlth   +                        (no amulet)
HPRegen 0.25/turn                d - ring of protection from cold
MPRegen 0.08/turn                (no ring)

@: confused, ambrosia-drunk
A: large, rugged brown scales 3, deformed body, armoured tail, roll, long
tongue, awkward tongue
a: no special abilities


You were on level 3 of the Dungeon.
You visited 1 branch of the dungeon, and saw 4 of its levels.

You collected 137 gold pieces.

Inventory:

Hand Weapons
 a - a +1 mace (weapon)
Missiles
 g - 4 boomerangs (quivered)
Armour
 l - a +0 leather armour (worn)
Jewellery
 d - a ring of protection from cold (left hand)
Scrolls
 e - a scroll of identify
 j - a scroll of teleportation
Potions
 c - a potion of ambrosia
 f - a potion of brilliance
 i - a potion of invisibility
 k - a potion of lignification {unknown}


   Skills:
 - Level 3.0 Fighting
 + Level 4.0 Maces & Flails
 * Level 0.4 Armour
 - Level 2.1 Dodging
 - Level 2.1 Stealth


You had 2 spell levels left.
You didn't know any spells.
Your spell library contained the following spells:

 Spells                   Type           Power      Damage    Failure   Level
 Apportation              Tloc           0%         N/A       41%         1
 Alistair's Intoxication  Tmut/Pois      0%         N/A       100%        5


Dungeon Overview and Level Annotations

Branches:
Dungeon (4/15)
 Temple: D:4-7

Altars:

Shops:
D:1 ?


Innate Abilities, Weirdness & Mutations

You are completely covered in rugged brown scales. (AC +3, +7% HP)
Armour fits poorly on your strangely shaped body.
You have a long armoured tail.
You roll when moving toward enemies. (Rampage)
Your long tongue fully drains potion bottles. (2x potion effects)
Your tongue gives you trouble enunciating. (1.5x scroll delay)


Message History

There is a stone staircase leading down here.
There is a stone staircase leading up here.
An adder comes into view.
An iguana comes into view.
The iguana hisses angrily.
The iguana moves out of view.
The adder bites you.
You closely miss the adder. The adder barely misses you.
You closely miss the adder. The adder bites you. The adder barely misses you.
You hit the adder.
Your tail-slap misses the adder.
The adder is moderately wounded.
The adder closely misses you.
You hit the adder.
Your tail-slap misses the adder.
The adder is severely wounded.
The adder completely misses you. The adder barely misses you.
You thump the adder!
You kill the adder!
Your Maces & Flails skill increases to level 4!
You hit the iguana but do no damage. The iguana bites you!
You hit the iguana.
The iguana is lightly wounded.
The iguana closely misses you.
You barely miss the iguana.
The iguana is lightly wounded.
The iguana hisses menacingly.
The iguana bites you.
You barely miss the iguana.
The iguana is lightly wounded.
The iguana closely misses you. The iguana bites you.
You hit the iguana.
The iguana is lightly wounded.
The iguana bites you!
* * * LOW HITPOINT WARNING * * *
Okay, then.
The iguana attacks as you move away!
The iguana bites you but does no damage.
You slurp down every last drop of the 2 potions of ambrosia!
You are confused.
You feel invigorated. The iguana bites you!
You die...

#. #....#
#.
#.#..##
#.##.#...
#......##
#......#
#.#.#
#.#.#
#.l.#
#.@##
#..###.#
#......#
##.#####
#<#
##.######
#.......#
#..>.##.#
#.##.#


You could see an iguana.

Vanquished Creatures
  An adder (D:3)
  3 dart slugs
  5 bats
  2 endoplasms (D:2)
  2 giant cockroaches (D:1)
  3 goblins
  3 hobgoblins
  4 kobolds
  4 ball pythons
  4 frilled lizards
  4 rats
35 creatures vanquished.

Vanquished Creatures (others)
  9 demonic plants (D:2)
  4 fungi (D:2)
  2 plants (D:2)
  5 withered plants (D:2)
20 creatures vanquished.

Grand Total: 55 creatures vanquished

Notes
Turn   | Place    | Note
-------+----------+-------------------------------------------
     0 | D:1      | elagabalus the Armataur Monk began the quest for the Orb.
     0 | D:1      | Reached XP level 1. HP: 19/19 MP: 1/1
   159 | D:1      | Found Giwnioly's Magic Scroll Shoppe.
   221 | D:1      | Reached skill level 3 in Maces & Flails
   323 | D:1      | Reached XP level 2. HP: 25/27 MP: 2/2
   697 | D:2      | Found a faded altar of an unknown god.
   740 | D:2      | You fall into a shaft and drop 1 floor!
   862 | D:2      | Reached XP level 3. HP: 33/33 MP: 3/3
  1455 | D:3      | Reached skill level 4 in Maces & Flails
  1462 | D:3      | Slain by an iguana

Illustrated notes

Levels and vault maps discovered:
D:1:      lightli_arrival_quake, layout_loops_ring, serial_shops, shop_scrolls
D:2:      layout_basic, shapermc_ecumenical_altar_gd, minmay_misc_feat_diagonals
D:3:      layout_loops_cross
D:4:      layout_basic, minmay_temple_entry_drinking_statues,
          serial_co_window_serial, co_window_paths_a,
          co_window_of_opportunity_a, co_window_paths_b, co_window_paths_a,
          co_window_cross_1, co_window_broadway_b, co_window_corner_ca,
          co_window_broadway_b, co_window_corner_b, co_window_paths_c,
          co_window_corner_b, glass_columns_b, glass_columns_c, glass_columns_a,
          uniq_menkaure

Skill      XL: |  1  2  3 |
---------------+----------+-----
Maces & Flails | 3 4 |  4.0
Fighting       | 3 |  3.0
Armour         | |  0.4
Dodging        | |  2.1
Stealth        | |  2.1

Action                     || total
---------------------------++-------
  Melee: Mace              ||    80
         Tailslap          ||     6
         Punch             ||     1
    Use: Scroll            ||     7
         Potion            ||     1
   Stab: Sleeping          ||     4
 Armour: Robe              ||    21
         Leather armour    ||     1
  Dodge: Dodged            ||    39

Table legend: (Time is in decaauts)
 A = Elapsed time spent in this place.
 B = Non-inter-level travel time spent in this place.
 C = Inter-level travel time spent in this place.
 D = Time resting spent in this place.
 E = Time spent auto-exploring this place.
 F = Levels seen in this place.
 G = Mean time per level.
                   A        B        C        D        E       F      G
               +--------+--------+--------+--------+--------+-----+--------+
         Total |   1483 |    393 |   1090 |      0 |      0 |   4 |  370.8 |
       Dungeon |   1483 |    393 |   1090 |      0 |      0 |   4 |  370.8 |
               +--------+--------+--------+--------+--------+-----+--------+

Top non-repeatable levels by time:
     D:2: 803 daAuts
     D:1: 635 daAuts
     D:3: 40 daAuts
     D:4: 3 daAuts
